 Dungeon Crawl Stone Soup version 0.27-a0-1595-g0b823d0a13 (webtiles) character file.

Game seed: 9644225999244957710

152 duskshroud the Chopper (level 5, 0/47 HPs)
             Began as a Hill Orc Fighter on July 20, 2021.
             Killed by nerve-wracking pain
             ... invoked by Grinder
              (13 damage)
             ... on level 3 of the Dungeon.
             The game lasted 00:08:36 (2796 turns).

duskshroud the Chopper (Hill Orc Fighter)           Turns: 2796, Time: 00:08:37

Health: 0/47       AC: 13    Str: 20    XL:     5   Next: 34%
Magic:  5/5        EV:  7    Int:  8    God:
Gold:   102        SH:  0    Dex: 10    Spells: 4/4 levels left

rFire    . . .     SeeInvis .   a - +0 war axe
rCold    . . .     Faith    .   (no shield)
rNeg     . . .     Spirit   .   p - +0 chain mail
rPois    .         Reflect  .   (no helmet)
rElec    .         Harm     .   (no cloak)
rCorr    .         Rampage  .   (no gloves)
Will     .....                  (no boots)
Stlth    ..........             (no amulet)
HPRegen  0.15/turn              m - +4 ring of protection
MPRegen  0.09/turn              (no ring)

@: no status effects
A: no striking features
a: no special abilities


You were on level 3 of the Dungeon.
You visited 1 branch of the dungeon, and saw 3 of its levels.

You collected 102 gold pieces.

Inventory:

Hand Weapons
 a - a +0 war axe (weapon)
 n - a +0 morningstar
Missiles
 i - 9 poisoned darts (quivered)
 j - 6 javelins
Armour
 c - a +0 kite shield
 p - a +0 chain mail (worn)
Jewellery
 m - a +4 ring of protection (left hand)
Scrolls
 b - a scroll of holy word {unknown}
 f - 2 scrolls of teleportation {unknown}
 g - 2 scrolls of acquirement {unknown}
 l - a scroll of vulnerability {unknown}
 q - a scroll of fear {unknown}
Potions
 d - a potion of might
 e - a potion of mutation {unknown}
 h - a potion of attraction {unknown}
 k - a potion of curing {unknown}
 o - a potion of brilliance {unknown}


   Skills:
 + Level 4.9 Fighting
 * Level 6.1 Axes
 - Level 3.2 Armour
 - Level 3.2 Shields


You had 4 spell levels left.
You didn't know any spells.
Your spell library contained the following spells:

 Spells                   Type           Power      Damage    Failure   Level
 Chain Lightning          Conj/Air       0%         N/A       100%        9
 Fire Storm               Conj/Fire      0%         5d1       100%        9


Dungeon Overview and Level Annotations

Branches:
Dungeon (3/15)

Altars:
Uskayaw

Shops:
D:1 *

Annotations:
D:3 Grinder


Message History

Grinder hits you but does no damage.
You closely miss Grinder.
Grinder is moderately wounded.
Grinder hits you but does no damage.
You barely miss Grinder.
Grinder is moderately wounded.
Grinder blinks!
Grinder hits you but does no damage.
You barely miss Grinder.
Grinder is moderately wounded.
Grinder hits you.
You writhe in agony.
Grinder hits you.
You writhe in agony.
You hit Grinder.
Grinder is moderately wounded.
Grinder hits you but does no damage.
You barely miss Grinder.
Grinder is moderately wounded.
Grinder hits you but does no damage.
You closely miss Grinder.
Grinder is moderately wounded.
Grinder blinks!
You slash Grinder!
Grinder is heavily wounded.
Grinder hits you!
You writhe in agony.
* * * LOW HITPOINT WARNING * * *
Grinder gestures at you. You resist with significant effort.
You hit Grinder.
Grinder is severely wounded.
Grinder hits you but does no damage.
You hit Grinder.
Grinder is severely wounded.
Grinder blinks!
Throw: 10 darts (poison)
Press: ? - help, Q - select action, (/) - cycle Shift-Dir - straight line, f - Grinder
Aim: Grinder (severely wounded, 53% to hit)
You throw a poisoned dart. The poisoned dart hits Grinder.
Grinder is poisoned.
Grinder is severely wounded.
Grinder gestures at you. Pain shoots through your body!
You die...

..## ..# #.# #.#########
###.......5..
+....######## ###..#
#5##################
###.###..@................
.........#################
.........# ##########


You could see Grinder (poisoned).

Vanquished Creatures
  An orc priest (D:3)
  3 adders
  3 dart slugs
  6 orcs (D:3)
  2 ball pythons
  8 endoplasms
  4 giant cockroaches
  7 goblins
  8 hobgoblins
  15 jackals
  2 quokkas
  8 bats
  3 frilled lizards
  4 rats
74 creatures vanquished.

Notes
Turn   | Place    | Note
-------+----------+-------------------------------------------
     0 | D:1      | duskshroud the Hill Orc Fighter began the quest for the
                  | Orb.
     0 | D:1      | Reached XP level 1. HP: 19/19 MP: 1/1
    81 | D:1      | Reached skill level 3 in Axes
    93 | D:1      | Reached XP level 2. HP: 19/27 MP: 2/2
   529 | D:1      | Found Lamyuh's General Store.
   623 | D:1      | Reached skill level 4 in Axes
   646 | D:1      | Reached XP level 3. HP: 24/33 MP: 3/3
  1471 | D:2      | Reached XP level 4. HP: 41/41 MP: 4/4
  1812 | D:2      | Reached skill level 5 in Axes
  1916 | D:2      | Found a faded altar of an unknown god.
  2303 | D:3      | Reached XP level 5. HP: 17/47 MP: 5/5
  2583 | D:3      | Found a hide-covered altar of Uskayaw.
  2642 | D:3      | Reached skill level 6 in Axes
  2757 | D:3      | Noticed Grinder
  2769 | D:3      | Paralysed by Grinder for 6 turns
  2796 | D:3      | Killed from afar by Grinder

Illustrated notes

Levels and vault maps discovered:
D:1:      dpeg_arrival_rooms_b, layout_loops_corners, serial_shops, shop_statue,
          nrook_mini_vaults, st_stairs_8, minmay_misc_feat_roman,
          minmay_misc_feat_enclosed, serial_bayou_pond_a, roderic_roman_lattice
D:2:      minmay_general_purpose_star, layout_loops_corners,
          dreamdust_ecumenical_altar_statues
D:3:      layout_basic, mainiacjoe_overflow_paths, lemuel_doored_altar,
          mainiacjoe_overflow_catch_the_wave, minmay_misc_feat_hallway,
          minmay_joined_circles, uniq_grinder

Skill      XL: |  1  2  3  4  5 |
---------------+----------------+-----
Axes           | 3 4 5 6 |  6.1
Fighting       | 4 |  4.9
Armour         | |  3.2
Shields        | |  3.2

Action                   |  1- 3 |  4- 6 || total
-------------------------+-------+-------++-------
Melee: War axe           |   105 |   115 ||   220
Throw: Dart              |     2 |     4 ||     6
Armor: Scale mail        |    63 |    31 ||    94
       Chain mail        |       |    27 ||    27
Dodge: Dodged            |    58 |    48 ||   106

Table legend: (Time is in decaauts)
 A = Elapsed time spent in this place.
 B = Non-inter-level travel time spent in this place.
 C = Inter-level travel time spent in this place.
 D = Time resting spent in this place.
 E = Time spent auto-exploring this place.
 F = Levels seen in this place.
 G = Mean time per level.
                   A        B        C        D        E       F      G
               +--------+--------+--------+--------+--------+-----+--------+
         Total |   2854 |   2764 |     90 |    463 |   1731 |   3 |  951.3 |
       Dungeon |   2854 |   2764 |     90 |    463 |   1731 |   3 |  951.3 |
               +--------+--------+--------+--------+--------+-----+--------+

Top non-repeatable levels by time:
     D:2: 1264 daAuts
     D:1: 1249 daAuts
     D:3: 340 daAuts
